 Dungeon Crawl Stone Soup version 0.28.0-43-g3370ac3207 (webtiles) character file.

Game seed: 12403368574478721885

548 ChongLi the Poker (level 7, -1/52 HPs)
             Began as a Demonspawn Chaos Knight on Apr 2, 2022.
             Was a Plaything of Xom.
             Succumbed to a scorpion's poison
             ... on level 4 of the Dungeon.
             The game lasted 00:14:59 (2327 turns).

ChongLi the Poker (Demonspawn Chaos Knight)         Turns: 2327, Time: 00:15:01

Health: -1/52      AC: 10    Str: 13    XL:     7   Next: 7%
Magic:  7/7        EV:  8    Int: 13    God:    Xom [...*..]
Gold:   175        SH:  0    Dex: 12    Spells: 6/6 levels left

rFire   . . .      SeeInvis .   a - +0 spear (chaos)
rCold   . . .      Faith    .   (no shield)
rNeg    . . .      Spirit   .   C - +0 chain mail
rPois   .          Reflect  .   (helmet restricted)
rElec   .          Harm     .   f - +1 cloak
rCorr   .          Rampage  .   (no gloves)
Will    .....                   (no boots)
Stlth   ..........              (no amulet)
HPRegen 0.17/turn               (no ring)
MPRegen 0.10/turn               (no ring)

@: mighty, lethally poisoned (-1 -> -9)
A: claws 1, repulsion field 1, foul stench 1, demonic magic 1, horns 1, weak 1,
subdued magic 1
a: Renounce Religion


You were on level 4 of the Dungeon.
You worshipped Xom.
You were a favourite toy of Xom.
You visited 1 branch of the dungeon, and saw 4 of its levels.

You collected 175 gold pieces.

Inventory:

Hand Weapons
 a - a +0 spear of chaos (weapon)
Armour
 f - a +1 cloak (worn)
 t - a +2 leather armour
 x - a +0 helmet
 C - a +0 chain mail (worn)
Scrolls
 r - a scroll of identify
 z - 2 scrolls of silence
 E - a scroll of teleportation {unknown}
Potions
 B - a potion of berserk rage {!q}


   Skills:
 - Level 3.0 Fighting
 + Level 7.4 Polearms
 - Level 1.7 Armour
 - Level 0.8 Dodging


You had 6 spell levels left.
You didn't know any spells.
Your spell library contained the following spells:

 Spells                   Type           Power      Damage    Failure   Level
 Animate Skeleton         Necr           0%         N/A       100%        1
 Apportation              Tloc           0%         N/A       100%        1
 Summon Small Mammal      Summ           0%         N/A       100%        1


Dungeon Overview and Level Annotations

Branches:
Dungeon (4/15)
 Temple: D:4-7

Altars:
Qazlal
Ru
Sif Muna
Xom

Annotations:
D:3 2 transporters, FuzzyBison's ghost, amateur TeSu


Innate Abilities, Weirdness & Mutations

You have sharp fingernails.
You are surrounded by a mild repulsion field. (EV +2)
You may rarely emit foul miasma when damaged in melee.
Spells you cast may paralyse adjacent enemies.
You have a pair of small horns on your head.
You are weak. (Str -2)
Your spells are a little easier to cast, but a little less powerful.


Message History

Reach: a) +0 spear (chaos)
Press: ? - help, Dir - move target, f/p - scorpion
Aim: a scorpion (severely wounded, about 36% to evade your +0 spear of chaos)
You reach to attack!
You barely miss the scorpion.
The scorpion is severely wounded.
You hit the scorpion.
The scorpion is severely wounded.
The scorpion stings you.
* * * LOW HITPOINT WARNING * * *
You are poisoned.
The scorpion poisons you!
You closely miss the scorpion.
The scorpion is severely wounded.
* * * LOW HITPOINT WARNING * * *
You feel sick. The scorpion stings you.
* * * LOW HITPOINT WARNING * * *
You are more poisoned.
The scorpion poisons you!
It was a potion of mutation.
You feel extremely strange.
You feel weaker.
Your connection to magic feels subdued.
You feel weaker. A pair of horns grows on your head!
Your +0 helmet falls away!
Xom thinks this is hilarious!
* * * LOW HITPOINT WARNING * * *
You feel very sick. "Hum-dee-hum-dee-hum..."
The scorpion seems to slow down.
The scorpion stings you but does no damage.
You puncture the scorpion!
You kill the scorpion!
* * * LOW HITPOINT WARNING * * *
You feel sick.
You have reached level 7!
Your demonic ancestry asserts itself...
A menacing aura infuses your magic.
* * * LOW HITPOINT WARNING * * *
You feel sick.
You see here a scorpion corpse.
You die...
Xom snickers!

## #.# ∆ #.#
#..## #...##
####
##....#.....
#...†....#
#...6...##
#........#
#....=...# ∆
#>.........#
##.....(...#
#.........#
##........#
.......... ∆
∆


There were no monsters in sight!

Vanquished Creatures
  An orc warrior (D:4)
  A sky beast (D:3)
  A phantom (D:4)
  2 scorpions (D:4)
  An orc priest (D:4)
  An iguana (D:4)
  2 adders (D:3)
  2 worms
  2 dart slugs
  9 orcs
  5 ball pythons
  6 endoplasms
  3 giant cockroaches (D:1)
  8 goblins
  5 hobgoblins
  10 jackals
  2 kobolds (D:1)
  3 quokkas
  10 bats
  4 frilled lizards
  4 rats
82 creatures vanquished.

Notes
Turn   | Place    | Note
-------+----------+-------------------------------------------
     0 | D:1      | ChongLi the Demonspawn Chaos Knight began the quest for the
                  | Orb.
     0 | D:1      | Reached XP level 1. HP: 18/18 MP: 1/1
    54 | D:1      | Reached skill level 3 in Polearms
    63 | D:1      | Gained mutation: You are surrounded by a mild repulsion
                  | field. (EV +2) [demonic ancestry]
    63 | D:1      | Reached XP level 2. HP: 23/24 MP: 2/2
    70 | D:1      | XOM: divination: magic mapping
   269 | D:1      | Reached XP level 3. HP: 29/29 MP: 3/3
   393 | D:1      | Reached skill level 4 in Polearms
   625 | D:2      | XOM: cloud trail
   674 | D:2      | Found a stormy altar of Qazlal.
   882 | D:2      | Found a faded altar of an unknown god.
  1191 | D:3      | XOM: potion effect (curing)
  1205 | D:3      | Reached XP level 4. HP: 21/35 MP: 4/4
  1478 | D:3      | XOM: divination: magic mapping
  1501 | D:3      | Noticed a sky beast
  1581 | D:3      | XOM: scenery: create altars
  1612 | D:3      | Reached skill level 5 in Polearms
  1631 | D:3      | XOM: enchant monster (good)
  1642 | D:3      | XOM: confuse monster(s)
  1643 | D:3      | Killed a sky beast
  1644 | D:3      | Gained mutation: You may rarely emit foul miasma when
                  | damaged in melee. [demonic ancestry]
  1644 | D:3      | Reached XP level 5. HP: 41/41 MP: 5/5
  1697 | D:3      | Found a sacrificial altar of Ru.
  1813 | D:3      | XOM: 2-stop teleportation journey
  1855 | D:3      | Found a transporter.
  1858 | D:3      | Found a transporter.
  1859 | D:3      | Noticed FuzzyBison's ghost (amateur TeSu)
  2045 | D:3      | XOM: give mutations
  2045 | D:3      | Gained mutation: You are dopey. (Int -2) [Xom's mischief]
  2045 | D:3      | Gained mutation: Your muscles are strong. (Str +2) [Xom's
                  | mischief]
  2045 | D:3      | Lost mutation: You are dopey. (Int -2) [Xom's mischief]
  2079 | D:4      | Reached skill level 6 in Polearms
  2132 | D:4      | Found a shimmering blue altar of Sif Muna.
  2234 | D:4      | Noticed a phantom
  2246 | D:4      | Killed a phantom
  2247 | D:4      | Gained mutation: You have sharp fingernails. [demonic
                  | ancestry]
  2247 | D:4      | Reached XP level 6. HP: 40/47 MP: 6/6
  2296 | D:4      | Found a stormy altar of Qazlal.
  2296 | D:4      | Noticed an orc warrior
  2313 | D:4      | Killed an orc warrior
  2314 | D:4      | Reached skill level 7 in Polearms
  2316 | D:4      | XOM: 1-stop teleportation journey
  2318 | D:4      | XOM: divination: detect items
  2324 | D:4      | Lost mutation: Your muscles are strong. (Str +2) [potion of
                  | mutation]
  2324 | D:4      | Gained mutation: Your spells are a little easier to cast,
                  | but a little less powerful. [potion of mutation]
  2324 | D:4      | Gained mutation: You are weak. (Str -2) [potion of
                  | mutation]
  2324 | D:4      | Gained mutation: You have a pair of small horns on your
                  | head. [potion of mutation]
  2324 | D:4      | HP: 4/47 [poisoned by a scorpion]
  2324 | D:4      | XOM: enchant monster (good)
  2326 | D:4      | Gained mutation: Spells you cast may paralyse adjacent
                  | enemies. [demonic ancestry]
  2326 | D:4      | Reached XP level 7. HP: 3/52 MP: 7/7
  2326 | D:4      | HP: 1/52 [poisoned by a scorpion]
  2327 | D:4      | Succumbed to a scorpion's poison

Illustrated notes

Levels and vault maps discovered:
D:1:      lightli_molten_gateway, layout_rooms
D:2:      layout_loops_ring, dilly_ecumenical_altar_fadedgnrine, basic_altar,
          grunt_ministairs_4
D:3:      layout_rooms, old_standard_altar, gammafunk_ghost_mausoleum,
          st_stairs_12, wad_orctagon
D:4:      layout_cave_pods, mainiacjoe_overflow_alcove_1,
          gammafunk_temple_overflow_pools, mainiacjoe_overflow_24_doors,
          tso_oasis_becter

Skill      XL: |  1  2  3  4  5  6 |
---------------+-------------------+-----
Polearms       | 3 4 5 6 7 |  7.4
Fighting       | |  3.0
Armour         | |  1.7
Dodging        | |  0.8

Action                   |  1- 3 |  4- 6 |  7- 9 || total
-------------------------+-------+-------+-------++-------
Melee: Spear             |   146 |   133 |       ||   279
       Punch             |     1 |       |       ||     1
Throw: Javelin           |       |     5 |       ||     5
  Use: Scroll            |     1 |     3 |       ||     4
       Potion            |       |     4 |       ||     4
 Stab: Paralysed         |     1 |     1 |       ||     2
       Sleeping          |     1 |       |       ||     1
       Confused          |       |     2 |       ||     2
Armor: Leather armour    |    50 |     3 |       ||    53
       Chain mail        |       |    51 |       ||    51
Dodge: Dodged            |    70 |    36 |       ||   106
